Umenahisha, neutral female human Wizard ################################## ----------------# |..............|# ------------- |..............|#########............| |.[............| |.......{...| -----------.---- |...........| # ##-...........| # # -----.------- @ ### ### # # # # # ### ### # # # # -|----- ### # |.....| # # # |..!!)| -|-.-----------# |?)%=.| |......<......|# |.=).!| |..............# ------- --------------- Umenahisha the Conjurer Experience level: 4 Strength: 9 Dexterity: 15 Constitution: 15 Intelligence: 17 Wisdom: 9 Charisma: 10 Health: 27(27) Energy: 26(26) Def: 2 Gold: 0 Moves: 1630 Dungeon seed: vmESP7EOnfsRFL18 Game ID: Umenahisha_1485873442 Your Inventory: Weapons a - a blessed +1 quarterstaff (weapon in hands) Armor e - an uncursed +0 cloak of magic resistance (being worn) n - an uncursed +0 pair of low boots (being worn) Comestibles o - 2 uncursed food rations p - an uncursed egg s - an uncursed tripe ration Scrolls h - 2 uncursed scrolls of identify i - a blessed scroll of create monster w - an uncursed scroll of teleportation B - a blessed scroll of identify Spellbooks j - a blessed spellbook of force bolt k - an uncursed spellbook of sleep u - an uncursed spellbook of cancellation C - an uncursed spellbook of knock Potions f - 2 uncursed potions of speed g - an uncursed potion of confusion r - an uncursed potion of healing t - an uncursed potion of invisibility Rings d - an uncursed +1 ring of increase damage Wands b - a wand of teleportation (0:6) Tools l - an uncursed blindfold v - an uncursed skeleton key Spells and supernatural/magical abilities: Name Level Category Fail Memory a - force bolt 1 attack 0% 92% k - knock 1 matter 0% 100% z - sleep 1 enchantment 0% 92% W - pray for help -- divine ? -- Your skills at the end: Fighting Skills Weapon Skills quarterstaff [Basic] Spellcasting Skills attack spells [Basic] enchantment spells [Basic] Final Attributes: You were fervently aligned. You were magic-protected. You aggravated monsters. You were unlucky. You survived. Vanquished creatures: a small mimic a Kop Sergeant 2 giant rats 3 Keystone Kops a gecko 2 jackals 2 foxes a goblin a grid bug 5 lichens a kobold zombie 4 newts 24 creatures vanquished. Voluntary challenges: You were an atheist. You used a wielded weapon 20 times, starting on turn 123. You read items or engraved 3 times, starting on turn 765. You never genocided any monsters. You never polymorphed an object. You never changed form. You used no wishes. You never split a pudding. You never wrote Elbereth's name. You never violated your personal moral code. Dungeon overview: The Dungeons of Doom: levels 1 to 3 Level 1 a long staircase Level 2 a general store, a fountain a long staircase Level 3 <- You were here a general store, a fountain History has recorded: On T:1 you entered the Dungeons of Doom to retrieve the Amulet of Yendor! On T:354 you reached level 2 of The Dungeons of Doom. On T:460 you advanced to experience level 2. On T:1043 you reached level 3 of The Dungeons of Doom. On T:1335 you advanced to experience level 3. On T:1621 you advanced to experience level 4. Score breakdown: Gold: 0 ( 0 points) Experience: 4 levels ( 9649 points) Exploration: 3 levels ( 6.12%) ( 6123 points) Discoveries: 2 items ( 0.69%) ( 2495 points) Valuables value: (no points given unless you survive) Artifact value: 0 ( 0 points) Variety of kills: 12 monsters ( 3.15%) ( 5324 points) Turncount: 1630 turns ( 0 points) Survival: quit (score multiplied by 90%) Total score: 21231 Latest messages: You see here a scroll labeled THARR (177 zorkmids). You escaped the shop without paying! You stole 133 zorkmids worth of merchandise. An alarm sounds! The Keystone Kops are after you! You hear some noises in the distance. Nowhere else around here can be automatically explored. You hear a door open. You hear some noises in the distance. The door opens. Nowhere else around here can be automatically explored. You stop running. The Keystone Kop hits! You miss the Keystone Kop. You kill the Keystone Kop! Welcome to experience level 4. You see here a Keystone Kop corpse. You hear the splashing of a naiad. This Keystone Kop corpse tastes terrible! You cannibal! You will regret this! You stop eating. Angmagssalik takes all your possessions. Final status: Goodbye Umenahisha the Wizard, quit... You quit in The Dungeons of Doom on dungeon level 3 with 21231 points, and 0 pieces of gold, after 1630 moves. You were level 4 with a maximum of 27 hit points when you quit.